 Dungeon Crawl Stone Soup version 0.26-a0-1191-ge2a0e31ab3 (webtiles) character file.

Game seed: 3867092374872744583

17553 HoaS the Brawler (level 12, -1/103 HPs)
             Began as a Ghoul Gladiator on Dec 28, 2020.
             Was an Elder of Makhleb.
             Slain by a jumping spider (15 damage)
             ... on level 3 of the Lair of Beasts.
             The game lasted 00:23:18 (11001 turns).

HoaS the Brawler (Ghoul Gladiator)                 Turns: 11001, Time: 00:23:18

Health: -1/103     AC: 14    Str: 23    XL:     12   Next: 49%
Magic:  11/11      EV:  8    Int:  3    God:    Makhleb [****..]
Gold:   749        SH:  0    Dex: 10    Spells: 11/11 levels left

rFire    . . .     SeeInvis +     - Unarmed
rCold    + . .     Faith    .   (no shield)
rNeg     + + +     Spirit   .   y - +0 acid dragon scales
rPois    ∞         Reflect  +   b - +1 helmet
rElec    .         Harm     .   A - +1 cloak
rCorr    +         Rampage  .   (no gloves)
Will     +....                  i - +1 pair of boots
Stlth    +.........             h - amulet of reflection
HPRegen  0.00/turn              t - ring of willpower
MPRegen  0.12/turn              u - ring of see invisible

@: held
A: claws 1, cold resistance 1, negative energy resistance 3, inhibited
regeneration, torment resistance, unbreathing
a: Renounce Religion, Minor Destruction, Lesser Servant of Makhleb, Major
Destruction


You were on level 3 of the Lair of Beasts.
You worshipped Makhleb.
Makhleb was greatly pleased with you.
You visited 3 branches of the dungeon, and saw 14 of its levels.
You also visited: Sewer.

You collected 749 gold pieces.

Inventory:

Missiles
 c - 5 throwing nets (quivered)
 d - 17 boomerangs
 p - 14 poisoned darts
 x - 12 atropa-tipped darts
Armour
 b - a +1 helmet (worn)
 i - a +1 pair of boots (worn)
 y - +0 acid dragon scales (worn)
 A - a +1 cloak (worn)
Jewellery
 h - an amulet of reflection (around neck)
 o - an uncursed ring of fire
 t - a ring of willpower (left claw)
 u - a ring of see invisible (right claw)
Wands
 a - a wand of flame (21)
 e - a wand of acid (16)
 j - a wand of digging (6)
 C - a wand of polymorph (8)
Scrolls
 g - a scroll of blinking
 l - a scroll of silence
 m - a scroll of remove curse
 q - 3 scrolls of fear
 r - 8 scrolls of teleportation
 B - a scroll of identify
Potions
 f - 12 potions of curing
 k - 2 potions of ambrosia
 n - 5 potions of flight
 v - 2 potions of cancellation
 z - a potion of attraction {unknown}
 D - a potion of heal wounds {unknown}


   Skills:
 + Level 8.8 Fighting
 - Level 1.7 Throwing
 + Level 7.0 Armour
 + Level 7.6 Dodging
 * Level 15.9 Unarmed Combat


You had 11 spell levels left.
You didn't know any spells.
Your spell library contained the following spells:

 Spells                   Type           Power        Failure   Level
 Corona                   Hex            0%           58%         1
 Sting                    Tmut/Pois      0%           58%         1
 Ensorcelled Hibernation  Hex/Ice        0%           75%         2
 Poisonous Vapours        Pois/Air       0%           75%         2
 Slow                     Hex            0%           75%         2
 Confusing Touch          Hex            0%           92%         3
 Dazzling Flash           Conj/Hex       0%           92%         3
 Ignite Poison            Fire/Tmut/Pois 0%           92%         3
 Inner Flame              Hex/Fire       0%           92%         3
 Mephitic Cloud           Conj/Pois/Air  0%           92%         3
 Portal Projectile        Hex/Tloc       0%           92%         3
 Tukima's Dance           Hex            0%           92%         3
 Cause Fear               Hex            0%           100%        4
 Leda's Liquefaction      Hex/Erth       0%           100%        4
 Olgreb's Toxic Radiance  Pois           0%           100%        4
 Silence                  Hex/Air        0%           100%        5
 Yara's Violent Unravell  Hex/Tmut       0%           100%        5
 Discord                  Hex            0%           100%        8


Dungeon Overview and Level Annotations

Branches:
Dungeon (10/15)            Temple (1/1) D:6            Lair (3/6) D:9
 Spider (0/4) Lair:3          Orc (0/2) D:9           Sewer (visited)
  Swamp: Lair:2-4    Shoals: Lair:2-4

Altars:
Ashenzari
Cheibriados
Dithmenos
Elyvilon
Fedhas
Gozag
Hepliaklqana
Kikubaaqudgha
Makhleb
Nemelex Xobeh
Okawaru
Qazlal
Ru
Sif Muna
Trog
Uskayaw
Vehumet
Wu Jian
Xom
Yredelemnul
Zin
The Shining One

Shops:
D:8 *

Annotations:
D:10 3 runed translucent doors, Hozu's ghost, novice DrFE
Lair:2 2 transporters, Magh's ghost, journeyman DrTm


Innate Abilities, Weirdness & Mutations

You thrive by killing the living.
You are immune to poison.
You have sharp fingernails.
Your flesh is cold resistant. (rC+)
You are immune to negative energy. (rN+++)
You do not regenerate when monsters are visible.
You are immune to unholy pain and torment.
You can survive without breathing.


Message History

You scratch the jumping spider but do no damage.
The jumping spider is heavily wounded.
The jumping spider pounces on you but does no damage.
The jumping spider bites you but does no damage.
The jumping spider pounces on you!
You are caught in a web!
The jumping spider closely misses you.
You are too injured to fight recklessly!
You are too injured to fight recklessly!
You are too injured to fight recklessly!
You struggle to detach yourself from the web.
The jumping spider pounces on you!
The jumping spider completely misses you.
The jumping spider pounces on you! The jumping spider bites you.
* * * LOW HITPOINT WARNING * * *
The jumping spider pounces on you.
* * * LOW HITPOINT WARNING * * *
The jumping spider bites you.
* * * LOW HITPOINT WARNING * * *
The jumping spider pounces on you!
You die...

##.## ##.## #.# #P.#
###.# #..# ####
#.#.# ##.#
#..##############..#
#.#
.........##..##P..##
#.##
P........'.....'.##
# #..#
+........###.###.#
^# #..# .........#
#####@# ^# #.##
#........# #ss#.#.#
##○##†.## ####..####
##....# #°.s≈...#
#....# #..!..#
#^.>s≈..## ###.##
#....#^#.#...≈..#
####..# #.#.##
##.#$##..# #...#.###
..##^ .#.# ####
P........ ..# #^ #^#
##...#.... ..# ## ##


You could see 2 jumping spiders.

Vanquished Creatures
  A boulder beetle (D:10)
  A hydra (Lair:3)
  Harold (D:9)
  Erica (D:9)
  A two-headed ogre (D:10)
  A centaur zombie (D:10)
  Psyche (D:8)
  A black mamba (Lair:3)
  7 elephants
  Maurice (D:9)
  2 cane toads
  A rime drake (Lair:1)
  2 komodo dragons
  Maggie (D:6)
  A troll (D:10)
  A jumping spider (Lair:3)
  A redback (Lair:3)
  15 yaks
  A wyvern (Lair:3)
  3 basilisks
  4 water moccasins
  Duvessa (D:7)
  5 orc warriors
  2 black bears
  4 ogres
  A necrophage (D:6)
  4 wolves (Lair:2)
  A phantom (D:6)
  3 eyes of draining (D:8)
  A centaur (D:7)
  2 big kobolds
  7 bullfrogs
  Dowan (D:7)
  A water moccasin zombie (D:7)
  6 scorpions
  15 killer bees
  3 howler monkeys
  6 wights
  An electric eel (Lair:1)
  2 bullfrog zombies
  A quasit (D:7)
  2 jellies
  4 hounds
  4 orc priests
  Ijyb (D:4)
  2 bullfrog skeletons
  Crazy Yiuf (D:4)
  Terence (D:3)
  4 iguanas
  5 orc wizards
  A statue (D:7)
  5 worker ants
  A killer bee zombie (D:7)
  Robin (D:3)
  13 adders
  5 river rats
  2 white imps
  A shadow imp (D:8)
  2 ufetubi
  An ooze (Sewer)
  An adder skeleton (D:7)
  An adder zombie (D:9)
  3 worms
  A dart slug (D:1)
  4 leopard geckos
  24 orcs
  6 giant cockroaches
  12 goblins
  13 hobgoblins
  11 jackals
  5 quokkas
  6 ball pythons
  5 bats
  2 frilled lizards (D:2)
  17 kobolds
  A quokka zombie (D:5)
  12 rats
295 creatures vanquished.

Vanquished Creatures (others)
  A kobold (D:7)
  2 fungi
  4 plants
7 creatures vanquished.

Grand Total: 302 creatures vanquished

Notes
Turn   | Place    | Note
-------+----------+-------------------------------------------
     0 | D:1      | HoaS the Ghoul Gladiator began the quest for the Orb.
     0 | D:1      | Reached XP level 1. HP: 17/17 MP: 0/0
   265 | D:1      | Reached XP level 2. HP: 24/24 MP: 1/1
   303 | D:1      | Reached skill level 4 in Unarmed Combat
   618 | D:1      | Found a shimmering altar of Xom.
   620 | D:1      | Found a bloodstained altar of Trog.
   620 | D:1      | Found a broken altar of Ashenzari.
   622 | D:1      | Found a shimmering blue altar of Sif Muna.
   622 | D:1      | Found a bloodstained altar of Trog.
   622 | D:1      | Found a burning altar of Makhleb.
   878 | D:2      | Reached XP level 3. HP: 25/29 MP: 2/2
   900 | D:2      | Reached skill level 5 in Unarmed Combat
  1030 | D:2      | You fall into a shaft and drop 2 floors!
  1069 | D:4      | Found a runed translucent door.
  1070 | D:4      | Noticed Crazy Yiuf
  1106 | D:4      | Noticed a scorpion
  1118 | D:4      | Killed a scorpion
  1119 | D:4      | Reached XP level 4. HP: 18/36 MP: 3/3
  1142 | D:4      | Found a sparkling altar of Nemelex Xobeh.
  1209 | D:4      | Reached skill level 6 in Unarmed Combat
  1209 | D:4      | Reached XP level 5. HP: 23/41 MP: 4/4
  1355 | D:4      | Found a stormy altar of Qazlal.
  1357 | D:4      | Noticed an air elemental
  1358 | D:4      | Noticed a fire elemental
  1358 | D:4      | Noticed a water elemental
  1423 | D:4      | Found a sacrificial altar of Ru.
  1424 | D:4      | Noticed Ijyb
  1426 | D:4      | Noticed an ogre
  1452 | D:4      | Killed Ijyb
  1453 | D:4      | Reached skill level 7 in Unarmed Combat
  1453 | D:4      | Reached XP level 6. HP: 46/48 MP: 5/5
  1533 | D:4      | Reached skill level 8 in Unarmed Combat
  1582 | D:4      | Found a glowing drain.
  1591 | Sewer    | Entered a sewer
  1637 | Sewer    | Reached XP level 7. HP: 55/55 MP: 6/6
  1970 | D:3      | Reached skill level 9 in Unarmed Combat
  2045 | D:3      | Found a faded altar of an unknown god.
  2275 | D:2      | Found a snail-covered altar of Cheibriados.
  2276 | D:2      | Found an ancient bone altar of Kikubaaqudgha.
  2914 | D:3      | Noticed Terence
  2932 | D:3      | Killed Terence
  3002 | D:3      | Noticed Robin
  3099 | D:3      | Killed Robin
  3879 | D:4      | Paralysed by Crazy Yiuf for 3 turns
  3887 | D:4      | Killed Crazy Yiuf
  3918 | D:5      | Entered Level 5 of the Dungeon
  3958 | D:5      | Found an iron altar of Okawaru.
  4310 | D:5      | Found a shimmering blue altar of Sif Muna.
  4450 | D:6      | Reached skill level 10 in Unarmed Combat
  4489 | D:6      | Reached XP level 8. HP: 40/61 MP: 7/7
  4596 | D:6      | Reached skill level 11 in Unarmed Combat
  4835 | D:6      | Found a staircase to the Ecumenical Temple.
  4915 | Temple   | Entered the Ecumenical Temple
  5123 | Temple   | Became a worshipper of Makhleb the Destroyer
  5265 | D:6      | Found a broken altar of Ashenzari.
  5459 | D:6      | Found a shadowy altar of Dithmenos.
  5655 | D:7      | Reached skill level 12 in Unarmed Combat
  5858 | D:7      | Noticed Maggie
  6097 | D:6      | Killed Maggie
  6098 | D:6      | Reached skill level 1 in Armour
  6098 | D:6      | Reached XP level 9. HP: 67/69 MP: 8/8
  6245 | D:7      | Found a radiant altar of Vehumet.
  6346 | D:7      | Noticed Dowan
  6348 | D:7      | Noticed Duvessa
  6360 | D:7      | Killed Duvessa
  6364 | D:7      | Killed Dowan
  6478 | D:7      | Reached * piety under Makhleb
  6781 | D:8      | Noticed Psyche
  6791 | D:8      | Killed Psyche
  6821 | D:8      | Reached skill level 13 in Unarmed Combat
  7066 | D:8      | Reached XP level 10. HP: 80/80 MP: 9/9
  7145 | D:8      | Found a bloodstained altar of Trog.
  7149 | D:8      | Reached skill level 5 in Fighting
  7239 | D:8      | Found Quumur's General Store.
  7751 | D:9      | Noticed Maurice
  7785 | D:9      | Reached ** piety under Makhleb
  7799 | D:9      | Killed Maurice
  7920 | D:9      | Noticed Erica
  7928 | D:9      | Killed Erica
  7929 | D:9      | Reached skill level 5 in Dodging
  7978 | D:9      | Found a staircase to the Lair.
  7982 | D:9      | Noticed an elephant
  8005 | D:9      | Killed an elephant
  8006 | D:9      | Reached skill level 14 in Unarmed Combat
  8041 | D:9      | Noticed Harold
  8055 | D:9      | Killed Harold
  8056 | D:9      | Reached XP level 11. HP: 87/91 MP: 10/10
  8177 | D:9      | Found a staircase to the Orcish Mines.
  8439 | D:9      | Reached skill level 5 in Armour
  8521 | D:10     | Entered Level 10 of the Dungeon
  8550 | D:10     | Found a runed translucent gate.
  8550 | D:10     | Found a runed translucent gate.
  8550 | D:10     | Found a runed translucent gate.
  8552 | D:10     | Noticed a tengu warrior
  8552 | D:10     | Noticed a cyclops
  8553 | D:10     | Noticed Hozu's ghost (novice DrFE)
  8607 | D:10     | Noticed a two-headed ogre
  8615 | D:10     | Killed a two-headed ogre
  8681 | D:10     | Reached *** piety under Makhleb
  8692 | D:10     | Found a hide-covered altar of Uskayaw.
  8692 | D:10     | Noticed a boulder beetle
  8693 | D:10     | Found an ornate altar of the Wu Jian Council.
  8716 | D:10     | Killed a boulder beetle
  8911 | D:10     | Got a faintly glowing scale mail
  8994 | Lair:1   | Entered Level 1 of the Lair of Beasts
  8995 | Lair:1   | Identified the +3 scale mail "Ymmuyhax" {rElec rC+++ Dex-3
                  | Stlth-} (You found it on level 10 of the Dungeon)
  9417 | Lair:1   | Reached skill level 15 in Unarmed Combat
  9948 | Lair:2   | Found a transporter.
  9948 | Lair:2   | Noticed a four-headed hydra
  9949 | Lair:2   | Found a transporter.
  9949 | Lair:2   | Noticed Magh's ghost (journeyman DrTm)
 10604 | Lair:2   | Reached XP level 12. HP: 100/101 MP: 11/11
 10772 | Lair:3   | Noticed a four-headed hydra
 10783 | Lair:3   | Killed a four-headed hydra
 10783 | Lair:3   | Reached **** piety under Makhleb
 10799 | Lair:3   | Noticed an eight-headed hydra
 10948 | Lair:3   | Found a hole to the Spider Nest.
 11001 | Lair:3   | Slain by a jumping spider

Illustrated notes

Levels and vault maps discovered:
D:1:      shiori_shiawase, layout_loops_corners, doesnt_xom_only_xom
D:2:      layout_basic, gammafunk_temple_overflow_statue, minmay_small_reverse_x
D:3:      minmay_inner_zag, layout_basic,
          chequers_ecumenical_altar_simple_redux, palyth_stone_intersect,
          uniq_terence, uniq_robin
D:4:      layout_basic, nicolae_ru_awakened_eye, old_standard_altar,
          portal_sewer_entry_e, nicolae_qazlal_style_of_elements, uniq_ijyb,
          uniq_crazy_yiuf_cottage
D:5:      layout_basic, okawaru_metal_pillars_1_2, led_sif_pool
D:6:      layout_loops_ring, lemuel_round_altar, minmay_temple_entry_slanted,
          nicolae_dithmenos_shadow_blocks
D:7:      layout_gridville, vehumet_statue, uniq_duvessa, uniq_maggie
D:8:      layout_layer_cave, serial_shops, shop, trog_eyes_of_draining,
          uniq_psyche
D:9:      layout_irregular_city, david_lair_generic, orc_0_dummy, uniq_harold,
          uniq_maurice, uniq_erica
D:10:     layout_rooms, gammafunk_ghost_split, nzn_masters_of_martial_movement
Temple:   eino_temple_water
Lair:1:   layout_cave_shapes, serial_bayou_shore_a, grunt_megastairs_4
Lair:2:   layout_regular_city, gammafunk_ghost_arena, serial_bayou_shore_b
Lair:3:   layout_roguey, minmay_shoals_entry_lonely_mermaid,
          nicolae_spider_entry_tight_spaces, grunt_megastairs_2

Skill      XL: |  1  2  3  4  5  6  7  8  9 10 11 12 |
---------------+-------------------------------------+-----
Unarmed Combat | 4 5 6 7 8 10 12 13 14 15 | 15.9
Fighting       | 3 4 6 8 |  8.8
Armour         | 1 3 4 6 7 |  7.0
Dodging        | 3 4 5 7 |  7.6
Throwing       | |  1.7

Action                   |  1- 3 |  4- 6 |  7- 9 | 10-12 || total
-------------------------+-------+-------+-------+-------++-------
Melee: Unarmed           |    98 |   103 |   487 |   496 ||  1184
       Punch             |       |     2 |    16 |    32 ||    50
Throw: Throwing net      |       |       |     2 |     1 ||     3
Evoke: Wand              |       |       |     4 |     1 ||     5
  Use: Scroll            |     5 |       |    21 |     8 ||    34
       Potion            |       |       |     2 |     2 ||     4
 Stab: Invisible         |       |       |       |     7 ||     7
Armor: Leather armour    |    35 |     1 |       |       ||    36
       Chain mail        |       |    30 |   139 |       ||   169
       Acid dragon scale |       |       |    48 |   158 ||   206
Dodge: Dodged            |    57 |    29 |   172 |   334 ||   592
Block: Other             |     2 |    21 |    89 |   119 ||   231
       Reflection        |       |       |     4 |     1 ||     5

Table legend: (Time is in decaauts)
 A = Elapsed time spent in this place.
 B = Non-inter-level travel time spent in this place.
 C = Inter-level travel time spent in this place.
 D = Time resting spent in this place.
 E = Time spent auto-exploring this place.
 F = Levels seen in this place.
 G = Mean time per level.
                   A        B        C        D        E       F      G
               +--------+--------+--------+--------+--------+-----+--------+
         Total |  10814 |  10390 |    424 |   1151 |   6997 |  15 |  720.9 |
       Dungeon |   8260 |   7901 |    359 |    694 |   5450 |  10 |  826.0 |
        Temple |    225 |    210 |     15 |      0 |    203 |   1 |  225.0 |
          Lair |   1954 |   1905 |     49 |    457 |   1129 |   3 |  651.3 |
         Sewer |    373 |    373 |      0 |      0 |    215 |   1 |  373.0 |
               +--------+--------+--------+--------+--------+-----+--------+

Top non-repeatable levels by time:
     D:6: 1201 daAuts
     D:3: 1142 daAuts
     D:8: 996 daAuts
     D:4: 950 daAuts
  Lair:1: 885 daAuts
  Lair:2: 843 daAuts
     D:7: 821 daAuts
     D:1: 798 daAuts
     D:9: 766 daAuts
     D:2: 710 daAuts
     D:5: 448 daAuts
    D:10: 425 daAuts
   Sewer: 373 daAuts
  Temple: 225 daAuts
  Lair:3: 225 daAuts
